 Dungeon Crawl Stone Soup version 0.26-a0-112-g824cf5a (webtiles) character file.

Game seed: 3504497416582976691

130 Chirpers the Skirmisher (level 5, 0/50 HPs)
             Began as a Naga Fighter on June 25, 2020.
             Slain by a gnoll
             ... wielding a +0 halberd
              (12 damage)
             ... on level 3 of the Dungeon.
             The game lasted 00:06:20 (2088 turns).

Chirpers the Skirmisher (Naga Fighter)              Turns: 2088, Time: 00:06:21

Health: 0/50       AC:  5    Str: 19    XL:     5   Next: 13%
Magic:  5/5        EV:  5    Int:  9    God:
Gold:   155        SH:  9    Dex: 10    Spells: 4/4 levels left

rFire    + . .     SeeInvis +   h - +0 spear (vorpal)
rCold    + . .     Faith    .   c - +0 kite shield
rNeg     . . .     Spirit   .   b - +0 scale mail
rPois    +         Reflect  .   (no helmet)
rElec    .         Harm     .   n - scarf {rC+ rF+}
rCorr    .                      (no gloves)
MR       .....                  (no barding)
Stlth    ..........             (no amulet)
HPRegen  0.16/turn              (no ring)
MPRegen  0.09/turn              (no ring)

@: very slow
A: large, see invisible, deformed body, poison resistance, slowness 2, slow
metabolism 1, spit poison 1, AC +1
a: Spit Poison


You were on level 3 of the Dungeon.
You were not hungry.

You visited 1 branch of the dungeon, and saw 3 of its levels.

You collected 155 gold pieces.

Inventory:

Hand Weapons
 a - a +0 war axe
 h - a +0 vorpal spear (weapon)
 l - a +2 dagger of protection
Armour
 b - a +0 scale mail (worn)
 c - a +0 kite shield (worn)
 n - a scarf of resistance (worn)
Scrolls
 e - a scroll of amnesia {unknown}
 g - a scroll of teleportation {unknown}
 i - 3 scrolls of remove curse {unknown}
 k - 3 scrolls of identify {unknown}
Potions
 d - 2 potions of might
 j - 2 potions of degeneration {unknown}
 m - a potion of magic {unknown}
 p - a potion of curing {unknown}
Comestibles
 f - 5 rations
 o - 3 chunks of flesh


   Skills:
 + Level 3.8 Fighting
 - Level 2.0 Axes
 + Level 3.3 Armour
 + Level 0.9 Dodging
 + Level 0.5 Stealth
 + Level 3.1 Shields


You had 4 spell levels left.
You didn't know any spells.
Your spell library was empty.

Dungeon Overview and Level Annotations

Branches:
Dungeon (3/15)

Altars:
Wu Jian


Innate Abilities, Weirdness & Mutations

You cannot wear boots.
Your serpentine skin is tough. (AC +1)
You have supernaturally acute eyesight. (SInv)
Armour fits poorly on your strangely shaped body.
Your system is resistant to poisons. (rPois)
You cover ground very slowly.
You have a slow metabolism.
You can spit poison.


Message History

You are held in a net!
You struggle against the net.
The gnoll hits you from afar with a +0 halberd.
You struggle against the net.
The gnoll hits you with a +1 vorpal flail.
The gnoll hits you from afar with a +0 halberd.
You tear a large gash into the net.
The gnoll hits you but does no damage.
The gnoll hits you from afar with a +0 halberd!
You rip the net and break free!
The gnoll hits you with a +1 vorpal flail.
* * * LOW HITPOINT WARNING * * *
x2 A frilled lizard comes into view.
The gnoll closely misses you. You block the frilled lizard's attack.
The frilled lizard barely misses you.
You completely miss the frilled lizard. You block the gnoll's attack.
The frilled lizard bites you.
* * * LOW HITPOINT WARNING * * *
You closely miss the frilled lizard.
The gnoll hits you from afar with a +0 halberd!
You die...

####### ### ###.....##...
##.#.....#....
#####...........g.
#g..gg............ #..
#g####............ #...
#g####.....#...!.. #...
#.##..÷....##..... #...
#@##.##.#..##...>.
####.).#####l##÷##...........
......................#.....#
................###.........#
..............### #...#.....#
#.#....####### ##.#.....# #
#....# .# #.#....# #.#....#


You could see 3 gnolls and a frilled lizard.

Vanquished Creatures
  A howler monkey (D:2)
  2 gnolls
  2 adders (D:3)
  2 oozes (D:1)
  2 worms (D:2)
  3 leopard geckos
  A ball python (D:1)
  10 bats
  3 giant cockroaches
  3 goblins
  3 hobgoblins
  A quokka (D:3)
  A frilled lizard (D:1)
  5 kobolds
  2 rats (D:3)
41 creatures vanquished.

Notes
Turn   | Place    | Note
-------+----------+-------------------------------------------
     0 | D:1      | Chirpers the Naga Fighter began the quest for the Orb.
     0 | D:1      | Reached XP level 1. HP: 21/21 MP: 1/1
   241 | D:1      | Reached XP level 2. HP: 24/28 MP: 2/2
   536 | D:1      | Reached XP level 3. HP: 34/34 MP: 3/3
  1121 | D:2      | Reached XP level 4. HP: 35/44 MP: 4/4
  1661 | D:2      | Found an ornate altar of the Wu Jian Council.
  1975 | D:3      | Reached XP level 5. HP: 48/50 MP: 5/5
  2088 | D:3      | Slain by a gnoll

Illustrated notes

Levels and vault maps discovered:
D:1:      ebering_trefoil_3fold, layout_rooms
D:2:      layout_basic, nicolae_overflow_hidden_temple
D:3:      layout_loops_cross

Skill      XL: |  1  2  3 |
---------------+----------+-----
Armour         | 3 |  3.3
Shields        | 3 |  3.1
Fighting       | |  3.8
Axes           | |  2.0
Dodging        | |  0.9
Stealth        | |  0.5

Action                   |  1- 3 |  4- 6 || total
-------------------------+-------+-------++-------
Melee: War axe           |    24 |       ||    24
       Spear             |    69 |   100 ||   169
 Abil: Spit Poison       |     2 |       ||     2
  Eat: Chunk             |       |     3 ||     3
Armor: Scale mail        |    40 |    31 ||    71
Dodge: Dodged            |    20 |    24 ||    44
Block: Kite shield       |    45 |    33 ||    78

Table legend:
 A = Non-vault XP
 B = Vault XP
 C = Vault XP percentage of total XP
 D = Non-vault monster count
 E = Vault monster count
 F = Vault count percentage of total count
                 A         B        C        D         E       F
            +---------+---------+-------+---------+---------+-------
      Total |     186 |       0 |   0.0 |      41 |       0 |   0.0
            +---------+---------+-------+---------+---------+-------
        D:1 |      58 |       0 |   0.0 |      20 |       0 |   0.0
        D:2 |      76 |       0 |   0.0 |      11 |       0 |   0.0
        D:3 |      52 |       0 |   0.0 |      10 |       0 |   0.0
            +---------+---------+-------+---------+---------+-------
